 Dungeon Crawl Stone Soup version 0.30.1-9-gdf580d7c3d (webtiles) character file.

Game seed: 15606370948000762645

63047 Muruk the Black Crusader (level 14, -1/110 HPs)
             Began as a Demonspawn Artificer on Sept 24, 2023.
             Was an Initiate of Yredelemnul.
             Slain by an orc knight
             ... wielding a +1 halberd of venom
              (14 damage)
             ... on level 2 of the Orcish Mines.
             The game lasted 01:16:45 (20845 turns).

Muruk the Black Crusader (Demonspawn Artificer)    Turns: 20845, Time: 01:16:46

Health: -1/110     AC: 24    Str: 16    XL:     14   Next: 66%
Magic:  0/27       EV: 12    Int: 21    God:    Yredelemnul [......]
Gold:   1510       SH:  0    Dex: 18    Spells: 13/13 levels left

rFire   . . .        a - +2 dire flail
rCold   . . .        (shield currently unavailable)
rNeg    . . .        P - +7 chain mail "Zabage" {rPois}
rPois   +            (helmet restricted)
rElec   .            i - +1 cloak {Stlth+}
rCorr   .            q - +1 Delatra's gloves {ID++}
SInv    .            A - +0 pair of boots "Xueriy Uzxo" {Contam rPois Int+7}
Will    +....        D - amulet of guardian spirit
Stlth   ++           K - +4 ring of protection {=R}
HPRegen 1.38/turn    (no ring)
MPRegen 0.20/turn

%: guardian spirit
@: spiked
A: antennae 2, thin skeletal structure 2, ignite blood 2, powered by death 1
a: Renounce Religion, Recall Undead Harvest


You were on level 2 of the Orcish Mines.
You worshipped Yredelemnul.
Yredelemnul was most pleased with you.
You visited 4 branches of the dungeon, and saw 20 of its levels.
You also visited: Sewer and Ice Cave.

You collected 1634 gold pieces.
You spent 124 gold pieces at shops.

Inventory:

Hand Weapons
 a - a +2 dire flail (weapon)
 b - a +0 triple crossbow of freezing
 f - a +6 whip of electrocution
 w - a +1 antimagic war axe
 F - a +4 quarterstaff
Missiles
 g - 2 curare-tipped darts {=F}
 j - 2 boomerangs
 m - a boomerang of dispersal {=F}
 o - 6 silver javelins
 r - 24 poisoned darts
 L - a throwing net {=F}
 N - 4 javelins
Armour
 i - a +1 cloak of stealth (worn)
 q - the +1 Delatra's gloves (worn) {ID++}
   (You found it on level 2 of the Dungeon)

   ID++:      It heals its wearer when they drink unknown potions, and restores
   their MP when they read unknown scrolls.
 A - the +0 pair of boots "Xueriy Uzxo" (worn) {Contam rPois Int+7}
   (You found it on level 5 of the Dungeon)

   Int:       It affects your intelligence (+7).
   rPois:     It protects you from poison.
   Contam:    It causes magical contamination when unequipped.
 P - the +7 chain mail "Zabage" (worn) {rPois}
   (You found it on level 12 of the Dungeon)

   rPois:     It protects you from poison.
Jewellery
 D - an amulet of guardian spirit (around neck)
 K - a +4 ring of protection (left hand) {=R}
 U - a ring of see invisible
 Z - a ring of protection from fire
Wands
 c - a wand of flame (38)
 d - a wand of charming (5)
 e - a wand of iceblast (15)
 t - a wand of light (9)
 x - a wand of digging (4)
 J - a wand of mindburst (39)
 O - a wand of paralysis (9)
 V - a wand of polymorph (4)
Scrolls
 n - 3 scrolls of teleportation
 s - 2 scrolls of blinking
 u - 5 scrolls of immolation
 y - 3 scrolls of poison
 z - 3 scrolls of identify
 I - 4 scrolls of vulnerability
 Q - 2 scrolls of magic mapping
 S - a scroll of fear
 T - a scroll of torment
Potions
 h - 6 potions of attraction
 k - a potion of berserk rage
 l - 7 potions of curing
 p - 2 potions of invisibility
 v - 3 potions of magic
 C - 4 potions of haste
 E - 3 potions of might
 H - 2 potions of flight
 M - 2 potions of lignification
 R - 3 potions of cancellation
 X - a potion of resistance
 Y - 2 potions of heal wounds
Miscellaneous
 B - a phial of floods


   Skills:
 - Level 10.0 Fighting
 + Level 12.0 Maces & Flails
 - Level 5.0 Ranged Weapons
 - Level 1.7 Armour
 - Level 10.0 Dodging
 - Level 0.8 Stealth
 + Level 19.1 Invocations
 + Level 8.6 Evocations


You had 13 spell levels left.
You didn't know any spells.
Your spell library contained the following spells:

 Spells                   Type           Power      Damage    Failure   Level
 Apportation              Tloc           0%         N/A       93%         1
 Freeze                   Ice            0%         1d3       93%         1
 Magic Dart               Conj           0%         1d3       93%         1
 Sandblast                Erth           0%         2d4       93%         1
 Shock                    Conj/Air       0%         1d3       93%         1
 Cigotuvi's Dreadful Rot  Necr/Pois/Air  0%         N/A       98%         2
 Ensorcelled Hibernation  Hex/Ice        0%         N/A       98%         2
 Passwall                 Tmut/Erth      0%         N/A       98%         2
 Searing Ray              Conj           0%         2d4       98%         2
 Frozen Ramparts          Ice            0%         1d1       100%        3
 Hailstorm                Conj/Ice       0%         3d3       100%        3
 Ignite Poison            Fire/Tmut/Pois 0%         N/A       100%        3
 Inner Flame              Hex/Fire       0%         N/A       100%        3
 Ozocubu's Armour         Ice            0%         N/A       100%        3
 Stone Arrow              Conj/Erth      0%         3d7       100%        3
 Vhi's Electric Charge    Tloc/Air       0%         N/A       100%        3
 Volatile Blastmotes      Fire/Tloc      0%         2d10      100%        3
 Cause Fear               Hex            0%         N/A       100%        4
 Flame Wave               Conj/Fire      0%         2d4       100%        4
 Fulminant Prism          Conj/Hex       0%         3d5       100%        4
 Iskenderun's Mystic Bla  Conj/Tloc      0%         2d3       100%        4
 Manifold Assault         Tloc           0%         N/A       100%        4
 Sticky Flame             Conj/Fire      0%         2d3       100%        4
 Summon Ice Beast         Ice/Summ       0%         N/A       100%        4
 Alistair's Intoxication  Tmut/Pois      0%         N/A       100%        5
 Arcjolt                  Conj/Air       0%         1d10      100%        5
 Blade Hands              Tmut           0%         N/A       100%        5
 Freezing Cloud           Conj/Ice/Air   0%         6-21      100%        5
 Lee's Rapid Deconstruct  Erth           0%         3d4*      100%        5
 Metabolic Englaciation   Hex/Ice        0%         N/A       100%        5
 Summon Mana Viper        Hex/Summ       0%         N/A       100%        5
 Yara's Violent Unravell  Hex/Tmut       0%         3d3       100%        5
 Dispersal                Tloc           0%         N/A       100%        6
 Dragon Form              Tmut           0%         N/A       100%        7
 Enfeeble                 Hex            0%         N/A       100%        7
 Monstrous Menagerie      Summ           0%         N/A       100%        7
 Ozocubu's Refrigeration  Ice            0%         4d7       100%        7
 Discord                  Hex            0%         N/A       100%        8
 Disjunction              Tloc           0%         N/A       100%        8
 Maxwell's Capacitive Co  Air            0%         ∞         100%        8
 Dragon's Call            Summ           0%         N/A       100%        9
 Polar Vortex             Ice            0%         N/A       100%        9
 Simulacrum               Ice/Necr       Unusable   N/A       N/A         6

Dungeon Overview and Level Annotations

Branches:
Dungeon (12/15)            Temple (1/1) D:6            Lair (5/5) D:11
  Swamp (0/4) Lair:3       Spider (0/4) Lair:3        Slime (0/5) Lair:5
    Orc (2/2) D:12            Elf (0/3) Orc:2         Sewer (visited)
  IceCv (visited)

Altars:
Ashenzari
Cheibriados
Dithmenos
Fedhas
Gozag
Hepliaklqana
Kikubaaqudgha
Makhleb
Nemelex Xobeh
Okawaru
Qazlal
Ru
Sif Muna
Trog
Uskayaw
Vehumet
Wu Jian
Xom
Yredelemnul

Shops:
D:1 *   D:6 (

Annotations:
Lair:1 2 transporters, WaxSun's ghost, journeyman HuFi
Lair:4 Rupert
Orc:2 1 exclusion


Innate Abilities, Weirdness & Mutations

You have a pair of antennae on your head.
You have a moderately thin skeletal structure. (Dex +4, Stealth++)
Your demonic aura often causes spilled blood to erupt in flames.
You regenerate a little health from kills.


Message History

The orc warrior hits you with a +0 dire flail!
* * * LOW HITPOINT WARNING * * *
The red devil closely misses you.
The orc knight hits you but does no damage.
You are too injured to fight recklessly!
You are too injured to fight recklessly!
You are too injured to fight recklessly!
You are too injured to fight recklessly!
You are too injured to fight recklessly!
You barely miss the orc warrior.
The orc warrior is almost dead.
Your orc warrior zombie hits the orc warrior but does no damage.
The orc knight hits you from afar with a +1 halberd of venom!
* * * LOW HITPOINT WARNING * * *
You are poisoned.
The orc warrior misses you. The red devil closely misses you.
You barely miss the orc warrior.
The orc warrior is almost dead.
You feel very sick.
Your orc warrior zombie hits the orc warrior but does no damage.
You feel better. The orc warrior barely misses you.
The red devil hits you from afar with a +0 trident.
* * * LOW HITPOINT WARNING * * *
Barbed spikes become lodged in your body.
The orc knight hits you from afar with a +1 halberd of venom.
* * * LOW HITPOINT WARNING * * *
You puncture the orc warrior!
You kill the orc warrior!
The orc knight hits you from afar with a +1 halberd of venom!
* * * LOW HITPOINT WARNING * * *
The red devil hits you from afar with a +0 trident!
* * * LOW HITPOINT WARNING * * *
Barbed spikes become lodged in your body.
You feel much better.
The red devil hits you from afar with a +0 trident!
* * * LOW HITPOINT WARNING * * *
Barbed spikes become lodged in your body.
The orc knight hits you from afar with a +1 halberd of venom!
You die...
Your body rises from the dead as a mindless zombie.

,****,***,.................#.....
** *** **.......................
,* *##..................... **
##..#....#............ *
####..................
*#.##..#...............
***......Z4..............
**.##.##.☼)o..............
*,.....#°@...........##..,
**......☼.............#,*,
*#........_.........#.,,,
##..................,,,,
##................,,,,,
###..##...#.....,,,*,*
#..,.........*,,*,,,
##.**...#...,,****,*
##**#.###.,,** ***


You could see an orc knight, a red devil (ally target) and a friendly orc
warrior zombie.

Vanquished Creatures
  Fannar (D:12)
  A merfolk avatar (Lair:5)
  4 hydras
  3 two-headed ogres
  7 death yaks
  Urug (D:11)
  An orc high priest (Orc:1)
  2 skysharks
  Pikel (D:8)
  2 orc knights (Orc:2)
  2 cyclopes
  2 orc sorcerers
  An ugly thing (IceCv)
  A manticore (D:11)
  18 elephants
  3 ice statues (IceCv)
  A torpor snail (Lair:5)
  4 cane toads
  A gargoyle (D:12)
  4 rime drakes
  9 komodo dragons
  An ice devil (Orc:2)
  A freezing wraith (IceCv)
  5 kobold demonologists
  3 trolls
  2 hornets (Lair:5)
  2 polar bears (Lair:5)
  A wind drake (Lair:5)
  4 blink frogs
  A snapping turtle (Lair:5)
  6 dream sheep
  9 slime creatures (D:12)
  Sigmund (D:2)
  A human (D:8)
  A shadow (D:10)
  A dire elephant simulacrum (IceCv)
  2 basilisks (Lair:5)
  29 yaks
  4 wyverns
  A vampire (D:12)
  A wind drake zombie (Lair:5)
  A vampire mosquito (Lair:3)
  5 wargs
  Menkaure (D:6)
  A two-headed ogre zombie (D:12)
  An acid dragon (D:12)
  A cane toad zombie (Lair:3)
  A skyshark zombie (Lair:5)
  18 water moccasins
  A hydra simulacrum (IceCv)
  2 hornet zombies (Lair:5)
  17 orc warriors
  An ice beast (D:6)
  3 black bears
  2 dream sheep zombies
  2 elephant zombies (Lair:1)
  3 ogres
  4 wolves (D:11)
  6 centaurs
  A rime drake zombie (Lair:5)
  A lemure (D:8)
  3 kobold brigands
  2 phantoms (D:5)
  11 bullfrogs
  Blork the orc (Orc:1)
  2 gnoll sergeants
  2 scorpions (Lair:3)
  A wyvern zombie (D:11)
  3 cane toad simulacra (IceCv)
  2 water moccasin zombies
  3 wights (D:6)
  2 warg zombies
  6 yak zombies
  An elephant simulacrum (IceCv)
  6 howler monkeys
  2 electric eels
  2 bullfrog zombies (D:9)
  A centaur zombie (D:9)
  A basilisk zombie (Lair:5)
  3 jellies (D:6)
  12 orc priests
  3 hounds
  A gnoll bouda (D:9)
  5 iguanas
  A sleepcap (D:6)
  4 kobold zombies
  18 orc wizards
  A wolf simulacrum (IceCv)
  An acid dragon zombie (D:12)
  3 howler monkey zombies
  16 gnolls
  8 adders
  3 shadow imps (D:3)
  3 white imps
  2 ufetubi
  2 iguana zombies
  4 worms
  4 dart slugs
  48 orcs
  5 bats
  11 endoplasms
  9 giant cockroaches
  A gnoll zombie (D:11)
  14 hobgoblins
  10 jackals
  8 kobolds
  11 quokkas
  A river rat zombie (Lair:2)
  12 ball pythons
  11 frilled lizards
  6 goblins
  A hobgoblin zombie (D:4)
  19 orc zombies
  2 quokka zombies (Sewer)
  3 rats
534 creatures vanquished.

Vanquished Creatures (collateral kills)
  2 death yaks (Lair:2)
  3 skysharks (Lair:5)
  2 manticores (Lair:5)
  7 elephants
  2 black mambas
  2 kobold demonologists
  3 komodo dragons
  A rime drake (Lair:5)
  A cane toad (Lair:5)
  A wind drake (Lair:5)
  2 hornets (Lair:5)
  5 blink frogs
  5 dream sheep
  A shadow (D:10)
  2 wyverns
  9 yaks
  A human (D:8)
  3 vampire mosquitoes (Lair:3)
  3 water moccasins (Lair:5)
  2 orc warriors (Orc:2)
  An ogre (D:5)
  A wolf (D:11)
  A lemure (D:8)
  A bullfrog (Lair:4)
  A scorpion (D:11)
  A cane toad simulacrum (IceCv)
  A howler monkey (D:11)
  A gnoll bouda (D:7)
  2 orc priests
  2 sleepcaps
  An iguana (D:11)
  4 orc wizards
  A polar bear simulacrum (IceCv)
  3 gnolls
  An adder (Sewer)
  A river rat (Lair:2)
  A white imp (D:6)
  An ufetubus (D:6)
  A spectral white imp (D:6)
  4 worms (Lair:3)
  14 orcs
  2 endoplasms (Sewer)
  A giant cockroach (Lair:3)
  A quokka (Sewer)
  A ball python (Sewer)
  A frilled lizard (Sewer)
  2 kobolds
  A rat (D:4)
  A butterfly (Lair:4)
111 creatures vanquished.

Vanquished Creatures (others)
  A wizard (D:7)
  A spectral merfolk (Lair:5)
  A death yak zombie (Lair:5)
  A vampire mosquito (Lair:3)
  An orc warrior (Orc:2)
  4 elephant zombies
  3 dream sheep zombies (Lair:5)
  A blink frog zombie (Lair:2)
  A hornet zombie (Lair:5)
  2 komodo dragon zombies
  4 water moccasin zombies
  6 yak zombies
  A polar bear zombie (Lair:5)
  A wolf zombie (D:11)
  2 centaur zombies (D:8)
  3 bullfrog zombies
  A human zombie (D:8)
  An ogre zombie (Orc:2)
  3 kobold zombies
  A hound zombie (D:5)
  A howler monkey zombie (D:10)
  An adder zombie (Sewer)
  A jelly zombie (D:6)
  7 gnoll zombies
  A ball python zombie (Sewer)
  An endoplasm zombie (Sewer)
  2 frilled lizard zombies (Sewer)
  A giant cockroach zombie (Lair:3)
  18 orc zombies
72 creatures vanquished.

Grand Total: 717 creatures vanquished

Notes
Turn   | Place    | Note
-------+----------+-------------------------------------------
     0 | D:1      | Muruk the Demonspawn Artificer began the quest for the Orb.
     0 | D:1      | Reached XP level 1. HP: 15/15 MP: 1/1
    24 | D:1      | Reached skill level 1 in Dodging
   242 | D:1      | Gained mutation: You have a somewhat thin skeletal
                  | structure. (Dex +2, Stealth+) [demonic ancestry]
   242 | D:1      | Reached XP level 2. HP: 20/21 MP: 2/2
   887 | D:1      | Found Teshut's Assorted Antiques.
   890 | D:1      | Bought a scroll labelled DONWOI PIMUEMO for 18 gold pieces
   890 | D:1      | Bought a bubbling brown potion for 16 gold pieces
  1186 | D:2      | Gained mutation: Your demonic aura sometimes causes spilled
                  | blood to erupt in flames. [demonic ancestry]
  1186 | D:2      | Reached XP level 3. HP: 27/27 MP: 3/3
  1243 | D:2      | Noticed Sigmund
  1251 | D:2      | Killed Sigmund
  1252 | D:2      | Reached XP level 4. HP: 37/37 MP: 4/4
  1252 | D:2      | Reached XP level 5. HP: 42/42 MP: 5/5
  1459 | D:2      | Found the +1 Delatra's gloves {ID++}
  1998 | D:3      | Found a transporter.
  2119 | D:3      | Reached XP level 6. HP: 48/48 MP: 6/6
  2201 | D:3      | Found a snail-covered altar of Cheibriados.
  2284 | D:3      | Reached skill level 1 in Maces & Flails
  2344 | D:3      | Found a transporter.
  2879 | D:3      | Found an opulent altar of Gozag.
  2883 | D:3      | Found a sacrificial altar of Ru.
  2883 | D:3      | Found a basalt altar of Yredelemnul.
  2887 | D:3      | Found an ancient bone altar of Kikubaaqudgha.
  2889 | D:3      | Found a radiant altar of Vehumet.
  2891 | D:3      | Found an ornate altar of the Wu Jian Council.
  2892 | D:3      | Found a burning altar of Makhleb.
  2895 | D:3      | Became a worshipper of Yredelemnul the Dark
  3057 | D:4      | Found a glowing drain.
  3066 | D:4      | Reached * piety under Yredelemnul
  3071 | Sewer    | Entered a sewer
  3204 | Sewer    | Reached ** piety under Yredelemnul
  3210 | Sewer    | Reached skill level 1 in Invocations
  3284 | Sewer    | Gained mutation: You regenerate a little health from kills.
                  | [demonic ancestry]
  3284 | Sewer    | Reached XP level 7. HP: 51/55 MP: 6/8
  3333 | D:4      | Reached skill level 5 in Fighting
  3409 | D:4      | Reached skill level 2 in Invocations
  3781 | D:5      | Entered Level 5 of the Dungeon
  3826 | D:5      | Identified the +0 pair of boots "Xueriy Uzxo" {Contam rPois
                  | Int+7}
  3862 | D:5      | Reached skill level 3 in Invocations
  4198 | D:5      | Reached skill level 5 in Dodging
  4198 | D:5      | Reached XP level 8. HP: 62/62 MP: 10/10
  4376 | D:5      | Found a stormy altar of Qazlal.
  4530 | D:5      | Reached skill level 4 in Invocations
  4622 | D:6      | Found Puydwa's Weapon Emporium.
  4633 | D:6      | Reached skill level 5 in Maces & Flails
  4742 | D:6      | Reached skill level 5 in Invocations
  5099 | D:6      | Noticed Menkaure
  5102 | D:6      | Killed Menkaure
  5103 | D:6      | Reached skill level 6 in Invocations
  5108 | D:6      | Found a staircase to the Ecumenical Temple.
  5121 | D:6      | Reached XP level 9. HP: 67/68 MP: 13/13
  5327 | Temple   | Entered the Ecumenical Temple
  5639 | D:7      | Found a bloodstained altar of Trog.
  5640 | D:7      | Noticed a wizard
  5646 | D:7      | Killed a wizard
  5932 | D:7      | Reached skill level 7 in Invocations
  6503 | D:7      | You fall into a shaft and drop 2 floors!
  6932 | D:8      | Reached skill level 8 in Invocations
  6969 | D:8      | Found a sparkling altar of Nemelex Xobeh.
  6993 | D:8      | Found an iron altar of Okawaru.
  7321 | D:8      | Found a shimmering altar of Xom.
  7321 | D:8      | Found a shimmering altar of Xom.
  7321 | D:8      | Found a shimmering altar of Xom.
  7322 | D:8      | Found a shimmering altar of Xom.
  7348 | D:8      | Noticed Pikel
  7369 | D:8      | Killed Pikel
  7370 | D:8      | Reached skill level 9 in Invocations
  7377 | D:8      | a blink frog changed into a polar bear
  7377 | D:8      | Noticed a polar bear (shapeshifter)
  7498 | D:8      | Noticed a queen bee
  7541 | D:8      | Noticed a queen bee
  7586 | D:8      | Noticed a yaktaur
  7794 | D:8      | Noticed a mana viper
  7795 | D:8      | Noticed a yaktaur
  7801 | D:8      | Noticed a troll
  7811 | D:8      | Noticed a komodo dragon
  7814 | D:8      | Noticed a faun
  7877 | D:9      | Gained mutation: You have a pair of small antennae on your
                  | head. [demonic ancestry]
  7877 | D:9      | Reached XP level 10. HP: 73/74 MP: 16/16
  7898 | D:9      | Noticed a two-headed ogre
  8499 | D:9      | Reached skill level 10 in Maces & Flails
  8506 | D:9      | HP: 2/74 [yak (11)]
  8509 | D:9      | Reached skill level 10 in Invocations
  8528 | D:9      | Reached *** piety under Yredelemnul
  8966 | D:9      | Found a shimmering blue altar of Sif Muna.
  9049 | D:10     | Entered Level 10 of the Dungeon
  9149 | D:10     | HP: 3/74 [ufetubus[a kobold demonologist] (4)]
  9533 | D:10     | Reached skill level 11 in Invocations
  9571 | D:10     | Gained mutation: Your demonic aura often causes spilled
                  | blood to erupt in flames. [demonic ancestry]
  9571 | D:10     | Reached XP level 11. HP: 61/79 MP: 19/19
 10066 | D:10     | Noticed a two-headed ogre
 10073 | D:10     | Killed a two-headed ogre
 10074 | D:10     | Reached skill level 12 in Invocations
 10308 | D:11     | Noticed Urug
 10314 | D:11     | Killed Urug
 10536 | D:11     | Noticed a sixfirhy
 10647 | D:11     | Reached skill level 13 in Invocations
 10800 | D:11     | Found a staircase to the Lair.
 11165 | Lair:1   | Entered Level 1 of the Lair of Beasts
 11165 | Lair:1   | Noticed a spriggan rider
 11165 | Lair:1   | Found a transporter.
 11263 | Lair:1   | Gained mutation: You have a moderately thin skeletal
                  | structure. (Dex +4, Stealth++) [demonic ancestry]
 11263 | Lair:1   | Reached XP level 12. HP: 82/91 MP: 20/22
 11612 | Lair:1   | Noticed WaxSun's ghost (journeyman HuFi)
 11616 | Lair:1   | Found a bloodstained altar of Trog.
 11624 | Lair:1   | Found a transporter.
 11871 | Lair:2   | Noticed a five-headed hydra
 11884 | Lair:2   | Killed a five-headed hydra
 11885 | Lair:2   | Reached skill level 14 in Invocations
 12363 | Lair:2   | Noticed a death yak
 12363 | Lair:2   | Noticed a four-headed hydra
 12363 | Lair:2   | Noticed a death yak
 12363 | Lair:2   | Noticed a death yak
 12365 | Lair:2   | Noticed a death yak
 12366 | Lair:2   | Killed a four-headed hydra
 12372 | Lair:2   | Killed a death yak
 12373 | Lair:2   | Killed a death yak
 12374 | Lair:2   | Killed a death yak
 12375 | Lair:2   | Killed a death yak
 13019 | Lair:3   | Got the Incunabulum of the Body
 13077 | Lair:3   | Reached skill level 15 in Invocations
 13344 | Lair:3   | Reached **** piety under Yredelemnul
 13351 | Lair:3   | Found a hole to the Spider Nest.
 13390 | Lair:3   | Noticed a five-headed hydra
 13394 | Lair:3   | Killed a five-headed hydra
 13426 | Lair:3   | Found a staircase to the Swamp.
 13710 | Lair:3   | Gained mutation: You have a pair of antennae on your head.
                  | [demonic ancestry]
 13710 | Lair:3   | Reached XP level 13. HP: 101/101 MP: 24/24
 14686 | Lair:4   | Noticed Rupert
 14799 | Lair:5   | Entered Level 5 of the Lair of Beasts
 14949 | Lair:5   | Reached skill level 10 in Fighting
 15113 | Lair:5   | Reached skill level 16 in Invocations
 15184 | Lair:5   | Reached skill level 10 in Dodging
 15397 | Lair:5   | Found a staircase to the Slime Pits.
 15469 | Lair:5   | Reached skill level 1 in Ranged Weapons
 15518 | Lair:5   | Reached skill level 17 in Invocations
 15758 | Lair:5   | Reached skill level 5 in Evocations
 15810 | Lair:5   | Reached ***** piety under Yredelemnul
 15971 | Lair:5   | Reached XP level 14. HP: 88/110 MP: 26/26
 15997 | Lair:5   | Got the Commentary on Glamour
 16255 | Lair:5   | Reached skill level 5 in Ranged Weapons
 16831 | D:1      | Bought a glowing leather armour for 90 gold pieces
 17038 | D:12     | Reached skill level 18 in Invocations
 17130 | D:12     | Identified the +7 chain mail "Zabage" {rPois}
 17532 | D:12     | Noticed Fannar
 17547 | D:12     | Killed Fannar
 17952 | D:9      | Got Sif Muna's Cyclopedia of Confrontation
 18061 | D:12     | Found a staircase to the Orcish Mines.
 18432 | Orc:1    | Entered Level 1 of the Orcish Mines
 18604 | Orc:2    | Entered Level 2 of the Orcish Mines
 18604 | Orc:2    | Found a staircase to the Elven Halls.
 18650 | Orc:2    | Found a frozen archway.
 18677 | IceCv    | Entered an ice cave
 20110 | Orc:2    | Noticed Blork the orc
 20127 | Orc:1    | Reached skill level 19 in Invocations
 20130 | Orc:1    | Killed Blork the orc
 20147 | Orc:1    | Your ally Blork died
 20844 | Orc:2    | HP: 5/110 [red devil/+0 trident (8)]
 20845 | Orc:2    | Slain by an orc knight

Illustrated notes

Levels and vault maps discovered:
D:1:      doesnt_arrival_eight_statues, layout_loops_cross, serial_shops,
          nicolae_shop_behind_doors, serial_bayou_lagoon_b
D:2:      layout_loops_ring, dreamdust_mushroom_princess, uniq_sigmund
D:3:      gammafunk_wand_slinger, layout_loops_ring, overflow_temple_1_default,
          minitemple, st_stairs_10
D:4:      layout_rooms, cheibrodos_sewer_entry_drain
D:5:      layout_basic, marbit_many_paths
D:6:      layout_basic, nicolae_elyvilon_peaceful_grove,
          minmay_temple_entry_nine_rooms, serial_shops, nicolae_shop_scrapyard,
          uniq_menkaure
D:7:      layout_basic, trog_wizard
D:8:      layout_basic, mainiacjoe_overflow_small_starburst, okawaru_humans,
          xom_shifter_show, uniq_pikel
D:9:      layout_stronghold, led_sif_book
D:10:     layout_long_grid, zin_academy
D:11:     layout_rooms, minmay_lair_entry_grove, hangedman_abyss_or_decor_stabs,
          hangedman_abyss_or_decor_stagger, minmay_misc_feat_x, uniq_urug
D:12:     layout_gridville, david_orc_3, uniq_fannar
Temple:   nicolae_temple_bog_church
Lair:1:   layout_misc_corridors, gammafunk_ghost_wrathful_warriors
Lair:2:   layout_cave_shapes, pond
Lair:3:   layout_chaotic_city, minmay_swamp_entry_swarm,
          nicolae_spider_entry_non_spiders, st_stairs_10, beast_lair_carwin_10,
          lemuel_fruit_tree
Lair:4:   layout_gridlike, grunt_megastairs_5, serial_bayou_shore_a,
          lemuel_fruit_fields, uniq_rupert
Lair:5:   gammafunk_lair_ancient_temple, layout_cave_shapes,
          dpeg_slime_entry_corner
Orc:1:    layout_caves, basic_altar, mines1_david
Orc:2:    pf_orc_diabolical, layout_caves, basic_altar,
          portal_ice_cave_entry_pillars_1, sword_in_stone

Skill      XL: |  1  2  3  4  5  6  7  8  9 10 11 12 13 14 |
---------------+-------------------------------------------+-----
Dodging        | 1 2 3 4 5 6 9 10 | 10.0
Fighting       | 2 3 4 5 7 9 10 | 10.0
Maces & Flails | 2 4 6 9 11 12 | 12.0
Invocations    | 1 3 6 9 11 13 15 17 19 | 19.1
Ranged Weapons | 4 5 |  5.0
Evocations     | 5 8 |  8.6
Armour         | |  1.7
Stealth        | |  0.8

Action                     |  1- 3 |  4- 6 |  7- 9 | 10-12 | 13-15 || total
---------------------------+-------+-------+-------+-------+-------++-------
  Melee: Club              |    85 |       |       |       |       ||    85
         Hand axe          |    21 |       |       |       |       ||    21
         War axe           |    32 |     1 |     7 |       |    19 ||    59
         Punch             |     1 |     1 |     7 |     3 |     8 ||    20
         Whip              |       |   164 |   289 |   318 |   457 ||  1228
         Halberd           |       |    43 |       |       |       ||    43
         Trident           |       |       |       |     5 |       ||     5
         Dire flail        |       |       |       |       |    42 ||    42
   Fire: Sling             |       |    63 |    29 |       |       ||    92
         Triple crossbow   |       |       |     2 |   106 |   270 ||   378
 Invoke: Dark Bargain      |       |     1 |       |     3 |     3 ||     7
         Recall Undead Har |       |     1 |       |     1 |     3 ||     5
  Evoke: Wand              |     2 |     3 |     9 |    14 |    15 ||    43
    Use: Scroll            |     4 |     7 |     8 |     7 |    10 ||    36
         Potion            |     2 |       |       |     2 |     3 ||     7
   Stab: Sleeping          |     2 |     3 |     4 |       |       ||     9
         Distracted        |       |     2 |       |     1 |     5 ||     8
         Invisible         |       |       |       |     2 |       ||     2
 Armour: Leather armour    |    40 |       |       |       |   100 ||   140
         Ring mail         |    10 |   107 |   104 |   103 |    80 ||   404
         Chain mail        |       |       |       |       |   100 ||   100
  Dodge: Dodged            |   115 |   173 |   202 |   224 |   471 ||  1185
